 Dungeon Crawl Stone Soup version 0.17.0-15-g6d90897 (console) character file.

115 gw the Bolt Thrower (level 5, -4/32 HPs)
             Began as a Kobold Hunter on Nov 11, 2015.
             Killed by divine providence
             ... invoked by an orc priest
              (13 damage)
             ... on level 3 of the Dungeon.
             The game lasted 00:02:00 (1994 turns).

gw the Bolt Thrower (Kobold Hunter)                 Turns: 1994, Time: 00:02:00

Health: -4/32      AC:  5    Str: 11    XL:     5   Next: 20%
Magic:  5/5        EV: 14    Int:  9    God:
Gold:   75         SH:  0    Dex: 17    Spells: 0 memorised, 4 levels left

rFire  . . .     SeeInvis .     c - +0 short sword
rCold  . . .     Clarity  .     f - +0 ring mail
rNeg   . . .     SustAt   .     (shield restricted)
rPois  .         Gourm    .     (no helmet)
rElec  .         Spirit   .     (no cloak)
rCorr  .         Warding  .     (no gloves)
rMut   .         Stasis   .     (no boots)
MR     .....                    (no amulet)
Stlth  +.........               (no ring)
                                (no ring)

@: not resistant to hostile enchantments, very unstealthy
A: carnivore 3
a: no special abilities


You were on level 3 of the Dungeon.
You were completely stuffed.

You visited 1 branch of the dungeon, and saw 3 of its levels.

You collected 75 gold pieces.

Inventory:

Hand Weapons
 a - a +1 hand crossbow
 c - a +0 short sword (weapon)
Missiles
 b - 23 bolts
Armour
 f - a +0 ring mail (worn)
Comestibles
 e - 3 meat rations


   Skills:
 + Level 3.4 Fighting
 + Level 2.1 Short Blades
 * Level 5.9 Crossbows
 + Level 3.2 Dodging
 - Level 1.3 Stealth


You had 4 spell levels left.
You didn't know any spells.

Dungeon Overview and Level Annotations

Branches:
Dungeon (3/15)

Altars:
Dithmenos


Innate Abilities, Weirdness & Mutations

You are small and have problems with some larger weapons.
You are carnivorous and can eat meat at any time.


Message History

The orc priest is moderately wounded.
The orc priest hits you but does no damage.
Unknown command.
Unknown command.
Unknown command.
Unknown command.
ATTACK MOVE TO (0,1)
You hit the orc priest.
The orc priest is moderately wounded.
The orc priest misses you.
Unknown command.
Unknown command.
Unknown command.
Unknown command.
ATTACK MOVE TO (0,1)
You closely miss the orc priest.
The orc priest is moderately wounded.
The orc priest invokes the aid of Beogh against you.
Something smites you!
You die...

##.## .....
#..!## ....
...# #.. #.#
#K# ##o##
##.oo##
##.....## ##
##.....$.##
#####...##
#.........##
..........
+.........'.
#####S..##
#.........###
...
##.......##


You could see an orc priest and 2 orcs.

Table legend:
 A = Turns spent in this place as a percentage of turns spent in the entire game.
 B = Non-inter-level travel turns spent in this place as a percentage of non-inter-level travel turns spent in the entire game.
 C = Inter-level travel turns spent in this place as a percentage of turns spent in this place.
 D = Turns resting spent in this place as a percentage of non-inter-level travel turns spent in this place.
 E = Turns spent auto-exploring this place as a percentage of non-inter-level travel turns spent in this place.
 F = Non-inter-level travel turns spent in this place divided by the number of levels of this place that you've seen.
                   A       B       C       D       E      F
               +-------+-------+-------+-------+-------+----------------------
         Total | 100.0 | 100.0 |   1.3 |   0.4 |   2.6 | 969.3
       Dungeon | 100.0 | 100.0 |   1.3 |   0.4 |   2.6 | 969.3
               +-------+-------+-------+-------+-------+----------------------

Table legend:
 A = Kills in this place as a percentage of kills in entire the game.
 B = Kills by you in this place as a percentage of kills by you in the entire game.
 C = Kills by friends in this place as a percentage of kills by friends in the entire game.
 D = Other kills in this place as a percentage of other kills in the entire game.
 E = Experience gained in this place as a percentage of experience gained in the entire game.
 F = Experience gained in this place divided by the number of levels of this place that you have seen.
                   A       B       C       D       E      F
               +-------+-------+-------+-------+-------+----------------------
         Total | 100.0 | 100.0 |  -nan |  -nan | 100.0 |  55.0
       Dungeon | 100.0 | 100.0 |  -nan |  -nan | 100.0 |  55.0
               +-------+-------+-------+-------+-------+----------------------

Vanquished Creatures
  A worker ant (D:3)
  3 adders
  An ooze (D:1)
  2 worms (D:2)
  4 giant geckos
  2 orcs (D:3)
  6 bats
  6 giant cockroaches
  5 goblins
  5 hobgoblins
  4 giant newts
  4 kobolds
  3 rats (D:1)
46 creatures vanquished.

Notes
Turn   | Place    | Note
--------------------------------------------------------------
     0 | D:1      | gw the Kobold Hunter began the quest for the Orb.
     0 | D:1      | Reached XP level 1. HP: 12/12 MP: 1/1
    32 | D:1      | Reached skill level 5 in Crossbows
    32 | D:1      | Reached XP level 2. HP: 16/18 MP: 2/2
   405 | D:1      | Reached skill level 1 in Short Blades
   405 | D:1      | Reached XP level 3. HP: 22/22 MP: 3/3
  1260 | D:2      | Found a faded altar to an unknown god.
  1441 | D:2      | Reached XP level 4. HP: 27/27 MP: 4/4
  1490 | D:2      | Found a shadowy altar of Dithmenos.
  1773 | D:3      | Reached XP level 5. HP: 22/32 MP: 5/5
  1994 | D:3      | Killed from afar by an orc priest

Action                   |  1- 3 |  4- 6 || total
-------------------------+-------+-------++-------
Melee: Short sword       |    25 |    71 ||    96
 Fire: Hand crossbow     |    43 |    21 ||    64
 Stab: Sleeping          |     1 |       ||     1
  Eat: Chunk             |    10 |     2 ||    12

Vault maps used:
D:1:      minmay_arrival_shattered_statue
D:2:      grunt_dithmenos_smoke, ecumenical_altar_2
D:3:      portal_sewer_entry_f, uniq_crazy_yiuf_cottage
